 Dungeon Crawl Stone Soup version 0.28-a0-8-g6e044cfa68 (webtiles) character file.

Game seed: 12919237287969969388

15996 Spaninq the Carver (level 12, 0/65 HPs)
             Began as a Vine Stalker Abyssal Knight on July 23, 2021.
             Was a High Priest of Lugonu.
             Shot with an arrow by a centaur (2 damage)
             ... in a volcano.
             The game lasted 00:29:09 (11656 turns).

Spaninq the Carver (Vine Stalker Abyssal Knight)   Turns: 11656, Time: 00:29:10

Health: 0/65       AC: 14    Str: 30    XL:     12   Next: 32%
Magic:  0/20       EV: 13    Int: 12    God:    Lugonu [*****.]
Gold:   261        SH:  0    Dex: 22    Spells: 11/11 levels left

rFire   . . .      SeeInvis +   m - +7 long sword (vorpal)
rCold   . . .      Faith    .   (no shield)
rNeg    . . .      Spirit   +   a - +2 scale mail of Vehumet's Supremacy {Contam Str+9 Slay+5}
rPois   +          Reflect  .   (no helmet)
rElec   .          Harm     .   k - +1 cloak
rCorr   .          Rampage  .   (no gloves)
Will    ++...                   p - +2 pair of boots of the Lost Path {Fly rPois Str+3 SInv}
Stlth   ..........              (no amulet)
HPRegen 1.20/turn               h - +6 ring of dexterity
MPRegen 0.17/turn               u - ring of willpower

@: flying
A: fangs 3, regeneration 1, magic shield, antimagic bite, no potion heal 2
a: Renounce Religion, Depart the Abyss, Bend Space, Banish, Corrupt, Enter the
Abyss


You were in a volcano.
You worshipped Lugonu.
Lugonu was extremely pleased with you.
You visited 4 branches of the dungeon, and saw 14 of its levels.
You visited the Abyss 1 time.
You also visited: Volcano.

You collected 488 gold pieces.
You spent 227 gold pieces at shops.

Inventory:

Hand Weapons
 d - a +2 halberd of flaming
 m - a +7 vorpal long sword (weapon)
Armour
 a - the +2 scale mail of Vehumet's Supremacy (worn) {Contam Str+9 Slay+5}
   (You found it on level 8 of the Dungeon)

   Str:       It affects your strength (+9).
   Slay:      It affects your accuracy & damage with ranged weapons and melee
   (+5).
   Contam:    It causes magical contamination when unequipped.
 k - a +1 cloak (worn)
 p - the +2 pair of boots of the Lost Path (worn) {Fly rPois Str+3 SInv}
   (You found it on level 4 of the Dungeon)

   Str:       It affects your strength (+3).
   rPois:     It protects you from poison.
   SInv:      It lets you see invisible.
   Fly:       It grants you flight.
Jewellery
 b - a ring of poison resistance
 f - a ring of flight
 h - a +6 ring of dexterity (left hand)
 t - a ring of resist corrosion
 u - a ring of willpower (right hand)
Wands
 o - a wand of iceblast (6)
 q - a wand of charming (5)
 s - a wand of acid (6)
 v - a wand of flame (14)
 z - a wand of paralysis (7)
Scrolls
 g - 4 scrolls of fear
 w - 3 scrolls of magic mapping
 A - a scroll of enchant armour
 B - 2 scrolls of identify
Potions
 c - a potion of invisibility {unknown}
 e - 8 potions of curing
 i - 7 potions of magic
 j - a potion of haste
 l - a potion of might
 n - 4 potions of cancellation
 r - a potion of resistance
 x - 2 potions of mutation


   Skills:
 + Level 8.8 Fighting
 * Level 11.7 Long Blades
 + Level 4.9 Armour
 + Level 4.7 Dodging
 + Level 9.3 Invocations


You had 11 spell levels left.
You didn't know any spells.
Your spell library contained the following spells:

 Spells                   Type           Power      Damage    Failure   Level
 Foxfire                  Conj/Fire      0%         2x1d4     54%         1
 Magic Dart               Conj           0%         1d3       54%         1
 Shock                    Conj/Air       0%         1d3       54%         1
 Ensorcelled Hibernation  Hex/Ice        0%         N/A       69%         2
 Searing Ray              Conj           0%         3d3       69%         2
 Sublimation of Blood     Necr           0%         N/A       69%         2
 Call Canine Familiar     Summ           0%         N/A       89%         3
 Conjure Flame            Conj/Fire      0%         6-21      89%         3
 Inner Flame              Hex/Fire       0%         N/A       89%         3
 Portal Projectile        Hex/Tloc       0%         N/A       89%         3
 Spider Form              Tmut/Pois      0%         N/A       89%         3
 Swiftness                Air            0%         N/A       89%         3
 Airstrike                Air            0%         N/A       100%        4
 Fulminant Prism          Conj/Hex       0%         3d6       100%        4
 Leda's Liquefaction      Hex/Erth       0%         N/A       100%        4
 Petrify                  Tmut/Erth      0%         N/A       100%        4
 Irradiate                Conj/Tmut      0%         3d14      100%        5
 Shadow Creatures         Summ           N/A        N/A       100%        6


Dungeon Overview and Level Annotations

Branches:
Dungeon (10/15)            Temple (1/1) D:4            Lair (2/6) D:8
    Orc (1/2) D:10        Volcano (1/1)
  Swamp: Lair:2-4    Shoals: Lair:2-4     Snake: Lair:2-4    Spider: Lair:2-4

Altars:
Ashenzari
Cheibriados
Dithmenos
Elyvilon
Fedhas
Gozag
Hepliaklqana
Kikubaaqudgha
Makhleb
Nemelex Xobeh
Okawaru
Qazlal
Ru
Sif Muna
Trog
Uskayaw
Vehumet
Wu Jian
Xom
Yredelemnul
Zin
The Shining One

Shops:
D:1 *   D:2 (   D:3 *   D:4 (=?[   D:7 (*

Portals:
Abyss: D:6

Annotations:
D:3 exclusion: oklob plant
D:6 Nausicaa's ghost, amateur MiBe
D:10 3 runed translucent doors, avis's ghost, journeyman OpTm


Innate Abilities, Weirdness & Mutations

You have razor-sharp teeth.
Your natural rate of healing is unusually fast.
When hurt, damage is shared between your health and your magic reserves.
Your bite disrupts and absorbs the magic of your enemies.
Potions cannot restore your health.


Message History

There is a rock-blocked tunnel here.
Found a leather armour of fire resistance, 48 gold pieces and 18 stones.
There is a rocky tunnel leading out of this place here.
A centaur and a yaktaur come into view.
The centaur is wielding a +1 shortbow of flaming.
The yaktaur is wielding a +2 arbalest of flaming.
The centaur shouts!
The yaktaur shouts!
The centaur shoots an arrow.
The arrow barely misses you.
The centaur shoots an arrow.
The arrow closely misses you.
The yaktaur shoots a bolt.
The bolt hits you! The bolt burns you!
The centaur shoots an arrow.
The arrow hits you. The arrow burns you.
Found three items.
Found a rocky tunnel leading out of this place.
The centaur shoots an arrow.
The arrow barely misses you.
There is a rocky tunnel leading out of this place here.
Okay, then.
Space bends sharply around you!
You blink.
Found a dagger.
A yaktaur comes into view.
It is wielding a +3 arbalest of flaming.
The yaktaur shouts!
You hear a shout!
The centaur shoots an arrow.
The arrow closely misses you.
A centaur warrior comes into view.
It is wielding a +1 shortbow of flaming.
The yaktaur shoots a bolt.
The bolt misses you.
Found 17 gold pieces.
A yaktaur comes into view.
It is wielding a +2 arbalest of flaming.
The yaktaur shouts!
The centaur warrior shoots an arrow.
The arrow hits you! The arrow burns you!
The centaur shoots an arrow.
The arrow closely misses you.
The yaktaur shoots a bolt.
The bolt hits you!!
* * * LOW HITPOINT WARNING * * *
The bolt burns you.
* * * LOW HITPOINT WARNING * * *
Found a leather armour of fire resistance.
Found a rocky tunnel leading out of this place.
Okay, then.
Blink to where?
Press: ? - help, Dir - move target
As you read the scroll of blinking, it crumbles to dust.
The centaur shoots an arrow.
The arrow closely misses you.
The centaur shoots an arrow.
The arrow hits you.
You die...

## ### .# .[( ##
..## ... #.∩ $).##.#
.$$c ## #..#.##..#
#.## .### #.#.#..#
.∩.## [$..c##c.c###
.cc.# ##.......##
[$c.##
#....@∩...##.....#
[[..####......§....#
$.# #.#..#.###..## .
..###.##.. ## [[.
### ...# #∩.# .)!.
#.# #. # ## ##


You could see a yaktaur and 2 centaurs.

Vanquished Creatures
  A hydra (Lair:2)
  2 death yaks (Lair:2)
  A deep elf pyromancer (D:10)
  A centaur zombie (D:10)
  2 cane toads (Lair:1)
  A torpor snail (Lair:2)
  Maggie (D:7)
  5 komodo dragons
  An ancient zyme (D:6)
  A polar bear (Lair:2)
  12 blink frogs (Lair:2)
  Sigmund (D:2)
  A shadow (D:9)
  3 wyverns
  7 yaks
  A basilisk (Lair:2)
  A wraith (D:10)
  A human (D:9)
  Grum (D:10)
  A warg (D:9)
  8 water moccasins
  3 orc warriors
  A sky beast (D:8)
  2 necrophages
  2 ice beasts
  6 ogres
  9 wolves
  3 centaurs (D:9)
  A kobold brigand (D:8)
  9 bullfrogs
  4 scorpions
  2 wyvern zombies
  14 killer bees
  2 jellies
  4 howler monkeys
  A crimson imp (D:6)
  A quasit (D:6)
  4 bullfrog skeletons
  A hound (D:4)
  7 orc priests
  Crazy Yiuf (D:5)
  7 orc wizards
  4 iguanas
  A small abomination (D:6)
  4 adders
  4 river rats (D:6)
  A shadow imp (D:6)
  A white imp (D:8)
  An adder zombie (D:5)
  2 dart slugs (D:3)
  42 orcs
  9 ball pythons
  6 bats
  2 endoplasms
  3 giant cockroaches
  4 goblins
  6 hobgoblins
  A jackal (D:3)
  7 quokkas
  5 frilled lizards
  9 kobolds
  3 rats
252 creatures vanquished.

Vanquished Creatures (others)
  4 fungi
  28 plants
  18 toadstools (D:3)
  A withered plant (D:2)
51 creatures vanquished.

Grand Total: 303 creatures vanquished

Notes
Turn   | Place    | Note
-------+----------+-------------------------------------------
     0 | Abyss:1  | Spaninq the Vine Stalker Abyssal Knight began the quest for
                  | the Orb.
     0 | Abyss:1  | Reached XP level 1. HP: 11/11 MP: 3/3
    18 | D:1      | Escaped the Abyss
   207 | D:1      | Reached skill level 2 in Long Blades
   225 | D:1      | Found Afuch's Assorted Antiques.
   243 | D:1      | Reached XP level 2. HP: 6/16 MP: 1/4
   493 | D:1      | Reached skill level 1 in Dodging
  1002 | D:1      | Reached ** piety under Lugonu
  1158 | D:2      | Reached XP level 3. HP: 14/19 MP: 3/5
  1312 | D:2      | Noticed Sigmund
  1513 | D:2      | Found Onipi's Antique Weapon Boutique.
  1530 | D:2      | Found a faded altar of an unknown god.
  1590 | D:2      | Found a snail-covered altar of Cheibriados.
  2061 | D:3      | Noticed an ogre
  2165 | D:3      | Noticed a +0 dagger
  2166 | D:3      | Noticed a +0 falchion
  2166 | D:3      | Noticed a +0 short sword
  2166 | D:3      | Noticed a +0 spear
  2166 | D:3      | Noticed a +0 falchion
  2166 | D:3      | Noticed a +0 short sword
  2167 | D:3      | Noticed a +0 spear
  2169 | D:3      | Noticed a +0 dagger
  2173 | D:3      | Found a hide-covered altar of Uskayaw.
  2384 | D:3      | Found a shimmering blue altar of Sif Muna.
  2399 | D:3      | Gained mutation: Your natural rate of healing is unusually
                  | fast. [Vine Stalker growth]
  2399 | D:3      | Reached XP level 4. HP: 17/24 MP: 4/6
  2537 | D:3      | Found a sparkling altar of Nemelex Xobeh.
  2586 | D:3      | Found Veusa's Assorted Antiques.
  2651 | D:3      | Killed an ogre
  2652 | D:3      | Reached skill level 3 in Long Blades
  2652 | D:3      | Reached XP level 5. HP: 28/28 MP: 2/8
  2719 | D:3      | Found a blossoming altar of Fedhas.
  2730 | D:3      | Noticed an oklob plant
  3335 | D:4      | Found Jep Vyon's Armour Boutique.
  3388 | D:4      | Found Vinac's Magic Scroll Emporium.
  3542 | D:4      | Identified the +2 pair of boots of the Lost Path {Fly rPois
                  | Str+3 SInv}
  3547 | D:4      | Found a white marble altar of Elyvilon.
  3595 | D:4      | Noticed an ogre
  3601 | D:4      | Killed an ogre
  3602 | D:4      | Reached skill level 4 in Long Blades
  3602 | D:4      | Reached XP level 6. HP: 30/33 MP: 9/9
  3778 | D:4      | Found Zeboes's Weapon Shoppe.
  3918 | D:4      | Reached *** piety under Lugonu
  3947 | D:4      | Found a staircase to the Ecumenical Temple.
  3953 | Temple   | Entered the Ecumenical Temple
  4298 | D:4      | Reached XP level 7. HP: 24/37 MP: 5/10
  4347 | D:4      | Found Aroym's Jewellery Boutique.
  4626 | D:5      | Entered Level 5 of the Dungeon
  4728 | D:5      | Reached skill level 5 in Long Blades
  5003 | D:5      | Gained mutation: You have razor-sharp teeth. [Vine Stalker
                  | growth]
  5003 | D:5      | Reached XP level 8. HP: 41/42 MP: 10/12
  5061 | D:5      | Found a runed translucent door.
  5062 | D:5      | Noticed Crazy Yiuf
  5071 | D:5      | Killed Crazy Yiuf
  5464 | D:6      | Noticed an ancient zyme
  5476 | D:6      | Found a transporter.
  5480 | D:6      | Reached skill level 6 in Long Blades
  5492 | D:6      | Found a one-way gate to the infinite horrors of the Abyss.
  5492 | D:6      | Noticed Nausicaa's ghost (amateur MiBe)
  5501 | D:6      | Noticed a rust devil
  5504 | D:6      | Found a transporter.
  5535 | D:6      | Reached skill level 5 in Fighting
  5730 | D:6      | Reached skill level 5 in Invocations
  5778 | D:6      | Found a blossoming altar of Fedhas.
  5968 | D:6      | Noticed a wyvern
  5977 | D:6      | Killed a wyvern
  5978 | D:6      | Reached skill level 7 in Long Blades
  6428 | D:7      | Found Pepiluc's Assorted Antiques.
  6454 | D:7      | Reached XP level 9. HP: 48/48 MP: 14/14
  6542 | D:7      | Found Xahiawahe's Antique Weapon Shoppe.
  6722 | D:7      | Noticed Maggie
  6737 | D:7      | Killed Maggie
  6738 | D:7      | Reached skill level 8 in Long Blades
  7365 | D:8      | Noticed a hornet
  7372 | D:8      | Banished a hornet
  7443 | D:8      | Reached skill level 9 in Long Blades
  7503 | D:8      | Reached **** piety under Lugonu
  7568 | D:8      | Reached XP level 10. HP: 47/53 MP: 13/16
  7663 | D:7      | Bought a runed long sword for 227 gold pieces
  7735 | D:8      | Identified the +2 scale mail of Vehumet's Supremacy {Contam
                  | Str+9 Slay+5}
  7751 | D:8      | Found a shimmering altar of Xom.
  7858 | D:8      | Found a staircase to the Lair.
  8664 | D:9      | Found an iron altar of Okawaru.
  8691 | D:9      | Found a stormy altar of Qazlal.
  8766 | D:10     | Entered Level 10 of the Dungeon
  8772 | D:10     | Found a staircase to the Orcish Mines.
  8832 | D:9      | Reached skill level 10 in Long Blades
  9132 | D:10     | Noticed a deep elf pyromancer
  9137 | D:10     | Killed a deep elf pyromancer
  9138 | D:10     | Reached XP level 11. HP: 59/59 MP: 18/18
  9138 | D:10     | Found a runed translucent gate.
  9138 | D:10     | Found a runed translucent gate.
  9138 | D:10     | Found a runed translucent gate.
  9200 | D:10     | Noticed avis's ghost (journeyman OpTm)
  9277 | D:10     | Noticed Grum
  9282 | D:10     | Killed Grum
  9819 | D:2      | Killed Sigmund
 10044 | D:6      | Reached ***** piety under Lugonu
 10154 | Orc:1    | Entered Level 1 of the Orcish Mines
 10276 | Lair:1   | Entered Level 1 of the Lair of Beasts
 11041 | Lair:2   | Reached skill level 11 in Long Blades
 11086 | Lair:2   | Noticed a five-headed hydra
 11100 | Lair:2   | Killed a two-headed hydra
 11176 | Lair:2   | Reached XP level 12. HP: 64/65 MP: 19/19
 11265 | Lair:2   | Noticed a death yak
 11266 | Lair:2   | Noticed a death yak
 11278 | Lair:2   | Killed a death yak
 11284 | Lair:2   | Killed a death yak
 11640 | Lair:2   | Found a dark tunnel.
 11649 | Volcano  | Entered a volcano
 11654 | Volcano  | Noticed a centaur warrior
 11655 | Volcano  | HP: 2/65 [yaktaur/bolt (26)]
 11656 | Volcano  | Shot with an arrow by a centaur

Illustrated notes

Levels and vault maps discovered:
D:1:      lemuel_arrival_funnel, layout_basic, serial_shops,
          nicolae_shop_statue_plus
D:2:      layout_basic, serial_shops, nicolae_shop_behind_doors, basic_altar,
          ebering_ecumenical_altar_petrified, uniq_sigmund
D:3:      layout_basic, tgw_fedhas, nicolae_uskayaw_en_pointe,
          old_standard_altar, mainiacjoe_overflow_small_starburst, serial_shops,
          nicolae_shop_stone
D:4:      layout_gridville, elyvilon_altar_1,
          minmay_temple_entry_enclosed_plants, serial_shops, shop,
          nicolae_stop_n_shop_1, nicolae_inconvenience_store,
          nicolae_shop_competitors_out_of_business, serial_bayou,
          serial_bayou_ford_a, serial_bayou_pond_c, serial_bayou_pond_c,
          serial_bayou_pond_b, hangedman_decor_diamond_cutter,
          kennysheep_generic_room_12
D:5:      layout_loops_ring, uniq_crazy_yiuf_cottage
D:6:      wad_woods_stonehenge, layout_loops_cross,
          gammafunk_ghost_abyssal_escape
D:7:      layout_layer_cave, serial_shops, nicolae_shop_crystal, shop,
          uniq_maggie
D:8:      layout_gridville, mainiacjoe_overflow_six_doors_small,
          david_lair_shrubbed
D:9:      layout_irregular_city, mainiacjoe_overflow_two_lobes
D:10:     layout_gridville, erik_orc_4, gammafunk_ghost_nasty_kobolds, uniq_grum
Temple:   dpeg_chambers_temple
Lair:1:   layout_regular_city, serial_bayou_pond_d,
          chequers_serial_rivers_small_3
Lair:2:   layout_chaotic_city, lightli_volcano_entry_magma_tube,
          grunt_megastairs_4, infiniplex_staircase_pool_2
Orc:1:    layout_caves
Volcano:  volcano_caves

Skill      XL: |  1  2  3  4  5  6  7  8  9 10 11 |
---------------+----------------------------------+-----
Long Blades    | 2 3 4 5 7 9 10 11 | 11.7
Dodging        | 1 2 4 |  4.7
Invocations    | 2 3 4 5 7 8 9 |  9.3
Fighting       | 3 4 5 6 7 8 |  8.8
Armour         | 3 4 |  4.9

Action                   |  1- 3 |  4- 6 |  7- 9 | 10-12 || total
-------------------------+-------+-------+-------+-------++-------
Melee: Falchion          |    93 |    93 |   267 |       ||   453
       Bite              |    28 |    45 |   124 |   125 ||   322
       Long sword        |       |       |       |   212 ||   212
       Halberd           |       |       |       |     3 ||     3
Invok: Bend Space        |       |     1 |       |     1 ||     2
       Banish            |       |       |     1 |       ||     1
  Use: Potion            |     2 |       |       |       ||     2
       Scroll            |     7 |     3 |     3 |    12 ||    25
Armor: Ring mail         |    26 |       |       |       ||    26
       Plate armour      |    10 |    51 |   107 |       ||   168
       Swamp dragon scal |       |       |    27 |     2 ||    29
       Scale mail        |       |       |       |    90 ||    90
Dodge: Dodged            |    52 |    29 |    87 |   140 ||   308
       Rpst.: Falchion   |    13 |     6 |    33 |       ||    52
       Long sword        |       |       |       |    42 ||    42

Table legend: (Time is in decaauts)
 A = Elapsed time spent in this place.
 B = Non-inter-level travel time spent in this place.
 C = Inter-level travel time spent in this place.
 D = Time resting spent in this place.
 E = Time spent auto-exploring this place.
 F = Levels seen in this place.
 G = Mean time per level.
                   A        B        C        D        E       F      G
               +--------+--------+--------+--------+--------+-----+--------+
         Total |  11672 |  10496 |   1176 |    540 |   7760 |  16 |  729.5 |
       Dungeon |  10018 |   8879 |   1139 |    540 |   6427 |  10 | 1001.8 |
        Temple |    264 |    245 |     19 |      0 |    243 |   1 |  264.0 |
          Lair |   1362 |   1345 |     17 |      0 |   1089 |   2 |  681.0 |
  Orcish Mines |      1 |      1 |      0 |      0 |      0 |   1 |    1.0 |
         Abyss |     18 |     18 |      0 |      0 |      1 |   1 |   18.0 |
       Volcano |      6 |      6 |      0 |      0 |      0 |   1 |    6.0 |
               +--------+--------+--------+--------+--------+-----+--------+

Top non-repeatable levels by time:
     D:4: 1333 daAuts
     D:7: 1206 daAuts
     D:1: 1179 daAuts
     D:3: 1137 daAuts
     D:6: 1001 daAuts
     D:2: 931 daAuts
     D:9: 847 daAuts
     D:5: 843 daAuts
    D:10: 827 daAuts
     D:8: 710 daAuts
  Lair:1: 708 daAuts
  Lair:2: 654 daAuts
  Temple: 264 daAuts
 Abyss:1: 18 daAuts
 Volcano: 6 daAuts
